 Dungeon Crawl Stone Soup version 0.21.1-1-g345015f (webtiles) character file.

56 iamserjio the Sneak (level 3, -1/31 HPs)
             Began as a Gnoll Assassin on June 24, 2018.
             Slain by an ice beast (12 damage)
             ... on level 3 of the Dungeon.
             The game lasted 00:04:02 (588 turns).

iamserjio the Sneak (Gnoll Assassin)                 Turns: 588, Time: 00:04:03

Health: -1/31      AC:  3    Str: 17 (18) XL:     3   Next: 95%
Magic:  4/4        EV: 13    Int: 11 (14) God:
Gold:   106        SH:  0    Dex: 13 (16) Spells: 4/4 levels left

rFire    . . .     SeeInvis .   a - +2 dagger
rCold    . . .     Gourm    .   (no shield)
rNeg     . . .     Faith    .   c - +0 robe
rPois    .         Spirit   .   (no helmet)
rElec    .         Reflect  .   d - +0 cloak
rCorr    .         Harm     .   (no gloves)
MR       .....                  (no boots)
Stlth    ++++......             (no amulet)
HPRegen  0.10/turn              (no ring)
MPRegen  0.09/turn              (no ring)

@: mighty, flying
A: distributed training, fangs 1, strong nose
a: no special abilities


You were on level 3 of the Dungeon.
You were not hungry.

You visited 1 branch of the dungeon, and saw 3 of its levels.

You collected 106 gold pieces.

Inventory:

Hand Weapons
 a - a +2 dagger (weapon)
 b - a +0 blowgun
Missiles
 e - 8 poisoned needles
Armour
 c - a +0 robe (worn)
 d - a +0 cloak (worn)
Jewellery
 h - an uncursed ring of flight {unknown}
 q - an uncursed ring of resist corrosion {unknown}
Scrolls
 i - 3 scrolls of remove curse {unknown}
 j - 2 scrolls of random uselessness {unknown}
 k - a scroll of magic mapping {unknown}
 m - 3 scrolls of identify {unknown}
Potions
 l - a potion of degeneration
 o - a potion of brilliance
 t - a potion of lignification {unknown}
Comestibles
 g - 3 rations


   Skills:
 + Level 4.6 Fighting
 + Level 4.6 Short Blades
 + Level 1.0 Long Blades
 + Level 1.0 Axes
 + Level 1.0 Maces & Flails
 + Level 1.0 Polearms
 + Level 1.0 Staves
 + Level 1.0 Slings
 + Level 1.0 Bows
 + Level 1.0 Crossbows
 + Level 4.6 Throwing
 + Level 1.0 Armour
 + Level 2.6 Dodging
 + Level 7.8 Stealth
 + Level 1.0 Shields
 + Level 1.0 Unarmed Combat
 + Level 1.0 Spellcasting
 + Level 0.7 Conjurations
 + Level 0.7 Hexes
 + Level 0.7 Charms
 + Level 0.7 Summonings
 + Level 0.7 Necromancy
 + Level 0.7 Translocations
 + Level 0.7 Transmutations
 + Level 0.7 Fire Magic
 + Level 0.7 Ice Magic
 + Level 0.7 Air Magic
 + Level 0.7 Earth Magic
 + Level 0.7 Poison Magic
 + Level 1.0 Invocations
 + Level 1.0 Evocations


You had 4 spell levels left.
You didn't know any spells.

Dungeon Overview and Level Annotations

Branches:
Dungeon (3/15)

Altars:
Cheibriados


Innate Abilities, Weirdness & Mutations

Your experience applies equally to all skills.
You have very sharp teeth.
Your uncanny sense of smell can sniff out nearby items.


Message History

The ice beast barely misses you.
Okay, then.
You see here a short sword.
It was a potion of degeneration.
There was something very wrong with that liquid.
You feel weakened.
You feel dopey.
You feel clumsy.
It was a potion of curing.
You feel better.
The ice beast hits you but does no damage.
It was a potion of cancellation.
Your magical effects are unravelling.
You feel magically purged.
You feel a little less clever now.
The ice beast hits you but does no damage.
It was a potion of flight.
You feel very buoyant.
You fly up into the air.
The ice beast closely misses you.
It was a potion of might.
You feel very mighty all of a sudden. The ice beast hits you.
The ice beast freezes you!
You die...

$....#.# #.###. #.#.....s. +....
### #.##...#.# #.#.#....
###.##...#.# ##.#.#..#
...##.....######........
#..................#..# # ###
#........####......##.#.#...
#.##...............##.#.#=#
####........####@#...†.......###
............####Y#.......#.#....
.....###.........#............##
.....# #............w.)...(.....
.....# ##......###........(##...
.....# #.#.##.# #.....#)......
.....# #.#+##.# #............#
.....# #.l . # #..........#.#
###### . #...#.#........


You could see an ice beast.

Vanquished Creatures
  A worm (D:2)
  2 dart slugs
  2 leopard geckos
  An orc (D:3)
  11 giant cockroaches
  2 goblins
  6 hobgoblins
  2 jackals (D:2)
  3 kobolds
  3 quokkas (D:3)
  2 bats
  4 rats
39 creatures vanquished.

Notes
Turn   | Place    | Note
-------+----------+-------------------------------------------
     0 | D:1      | iamserjio the Gnoll Assassin began the quest for the Orb.
     0 | D:1      | Reached XP level 1. HP: 20/20 MP: 1/1
    56 | D:1      | Reached XP level 2. HP: 23/26 MP: 2/2
   252 | D:3      | Found a snail-covered altar of Cheibriados.
   309 | D:3      | Reached XP level 3. HP: 31/31 MP: 3/3
   460 | D:3      | Reached skill level 1 in Invocations
   547 | D:3      | Reached skill level 1 in Long Blades
   547 | D:3      | Reached skill level 1 in Axes
   547 | D:3      | Reached skill level 1 in Maces & Flails
   547 | D:3      | Reached skill level 1 in Polearms
   547 | D:3      | Reached skill level 1 in Staves
   547 | D:3      | Reached skill level 1 in Slings
   547 | D:3      | Reached skill level 1 in Bows
   547 | D:3      | Reached skill level 1 in Crossbows
   547 | D:3      | Reached skill level 1 in Armour
   547 | D:3      | Reached skill level 1 in Shields
   547 | D:3      | Reached skill level 1 in Unarmed Combat
   547 | D:3      | Reached skill level 1 in Spellcasting
   547 | D:3      | Reached skill level 1 in Evocations
   563 | D:3      | Noticed an ice beast
   588 | D:3      | Slain by an ice beast

Skill      XL: |  1  2  3 |
---------------+----------+-----
Invocations    | 1 |  1.0
Long Blades    | 1 |  1.0
Axes           | 1 |  1.0
Maces & Flails | 1 |  1.0
Polearms       | 1 |  1.0
Staves         | 1 |  1.0
Slings         | 1 |  1.0
Bows           | 1 |  1.0
Crossbows      | 1 |  1.0
Armour         | 1 |  1.0
Shields        | 1 |  1.0
Unarmed Combat | 1 |  1.0
Spellcasting   | 1 |  1.0
Evocations     | 1 |  1.0
Fighting       | |  4.6
Short Blades   | |  4.6
Throwing       | |  4.6
Dodging        | |  2.6
Stealth        | |  7.8
Conjurations   | |  0.7
Hexes          | |  0.7
Charms         | |  0.7
Summonings     | |  0.7
Necromancy     | |  0.7
Translocations | |  0.7
Transmutations | |  0.7
Fire Magic     | |  0.7
Ice Magic      | |  0.7
Air Magic      | |  0.7
Earth Magic    | |  0.7
Poison Magic   | |  0.7

Action                   || total
-------------------------++-------
Melee: Dagger            ||   121
       Bite              ||    10
 Fire: Blowgun           ||     2
  Use: Potion            ||     6
 Stab: Sleeping          ||     8
Armor: Robe              ||    30
Dodge: Dodged            ||    59
